 Dungeon Crawl Stone Soup version 0.21.1-1-g345015f (webtiles) character file.

25 letownia2 the Magician (level 3, 0/24 HPs)
             Began as a Merfolk Wizard on Mar 10, 2018.
             Hit by a stone thrown by a hobgoblin (1 damage)
             ... on level 2 of the Dungeon.
             The game lasted 00:06:01 (629 turns).

letownia2 the Magician (Merfolk Wizard)              Turns: 629, Time: 00:06:02

Health: 0/24       AC:  3    Str:  8    XL:     3   Next: 6%
Magic:  1/7        EV: 12    Int: 17    God:
Gold:   79         SH:  3    Dex: 12    Spells: 2/8 levels left

rFire    . . .     SeeInvis .   (no weapon)
rCold    . . .     Gourm    .   (no shield)
rNeg     . . .     Faith    .   i - +0 leather armour
rPois    .         Spirit   .   b - +0 hat
rElec    .         Reflect  +   (no cloak)
rCorr    .         Harm     .   (no gloves)
MR       .....                  (no boots)
Stlth    ++........             e - +3 amulet of reflection
HPRegen  0.08/turn              (no ring)
MPRegen  0.10/turn              (no ring)

@: no status effects
A: change form in water, swift swim, stealthy swim
a: no special abilities


You were on level 2 of the Dungeon.
You were not hungry.

You visited 1 branch of the dungeon, and saw 3 of its levels.

You collected 79 gold pieces.

Inventory:

Hand Weapons
 l - a +0 dagger
 m - a +0 hunting sling
Missiles
 n - 36 stones (quivered)
Armour
 a - a +0 robe
 b - a +0 hat (worn)
 g - a +0 scale mail
 i - a +0 leather armour (worn)
Jewellery
 e - a +3 amulet of reflection (around neck)
Scrolls
 f - a scroll of remove curse {unknown}
Potions
 h - a potion of curing {unknown}
 j - a potion of might {unknown}
 k - 2 potions of agility {unknown}
Books
 c - a book of Minor Magic

   Spells                             Type                      Level
   a - Magic Dart                     Conjuration                  1
   b - Blink                          Translocation                2
   c - Call Imp                       Summoning                    2
   d - Slow                           Hexes                        2
   e - Conjure Flame                  Conjuration/Fire             3
   f - Mephitic Cloud                 Conjuration/Poison/Air       3
Comestibles
 d - 3 rations


   Skills:
 - Level 2.6 Dodging
 - Level 2.1 Stealth
 - Level 3.0 Spellcasting
 - Level 1.8 Conjurations
 - Level 2.0 Summonings
   Level 0.7 Translocations
 + Level 0.0 Air Magic
 + Level 0.1 Poison Magic


You had 2 spell levels left.
You knew the following spells:

 Your Spells              Type           Power        Failure   Level  Hunger
a - Magic Dart            Conj           #...         12%         1    None
e - Mephitic Cloud        Conj/Pois/Air  #.......     52%         3    ###....
i - Call Imp              Summ           #.......     17%         2    ##.....


Dungeon Overview and Level Annotations

Branches:
Dungeon (3/15)

Altars:

Annotations:
D:2 Jessica


Message History

Press: ? - help, Shift-Dir - straight line, f/p - hobgoblin
Aim: a hobgoblin, wearing a leather armour (lightly wounded)
The magic dart hits the hobgoblin.
The hobgoblin is lightly wounded.
The hobgoblin hits you.
* * * LOW HITPOINT WARNING * * *
You now have 79 gold pieces (gained 10).
The hobgoblin hits you.
* * * LOW HITPOINT WARNING * * *
Casting: Magic Dart
Confirm with . or Enter, or press ? or * to list all spells.
Aiming: Magic Dart
Press: ? - help, Shift-Dir - straight line, f/p - hobgoblin
Aim: a hobgoblin, wearing a leather armour (lightly wounded)
The magic dart hits the hobgoblin.
The hobgoblin is lightly wounded.
The hobgoblin barely misses you.
Unknown command.
The hobgoblin throws a stone.
The stone hits you.
You die...

#.##. #.. .# #.... ###
##...#######.# ###..#.
#.#.#.#.#.#.#.#.#.# #....#.
......h...........# ###.#....
##)#.#.#.#.#.#.#.#.# #...(..##
#.........$........# #.##.#.#
##.#h#.#.#.#g#.#.#.# #.##.#g#
#...........K.@....####.##(#.#
##.#.#.#.#.#.#.#.#......##.#.#
#..<...............###†....#.#
##.#†#.#.#.#.#.#.#.# ##.####.#
#..................# #....#(#
##.#.#.#.#.#.#.#.#.####......#
###############.#.........###
....######(## ## #.# #.#


You could see a hobgoblin and a kobold.

Vanquished Creatures
  2 dart slugs
  A giant cockroach (D:1)
  3 goblins
  2 hobgoblins
  4 jackals
  A quokka (D:2)
  A ball python (D:1)
  4 frilled lizards
  3 rats (D:1)
21 creatures vanquished.

Notes
Turn   | Place    | Note
-------+----------+-------------------------------------------
     0 | D:1      | letownia2 the Merfolk Wizard began the quest for the Orb.
     0 | D:1      | Reached XP level 1. HP: 13/13 MP: 4/4
    15 | D:1      | Reached skill level 1 in Conjurations
    94 | D:2      | Noticed Jessica
   151 | D:1      | Reached XP level 2. HP: 19/19 MP: 1/6
   225 | D:1      | Learned a level 2 spell: Call Imp
   500 | D:2      | Reached XP level 3. HP: 10/24 MP: 0/7
   528 | D:2      | Learned a level 3 spell: Mephitic Cloud
   626 | D:2      | HP: 1/24 [hobgoblin (1)]
   629 | D:2      | Hit by a stone thrown by a hobgoblin

Skill      XL: |  1  2  3 |
---------------+----------+-----
Conjurations   | 1 |  1.8
Summonings     | 2 |  2.0
Dodging        | |  2.6
Stealth        | |  2.1
Spellcasting   | |  3.0
Translocations | |  0.7
Poison Magic   | |  0.1

Action                   || total
-------------------------++-------
Melee: Unarmed           ||    49
 Cast: Magic Dart        ||    54
Armor: Robe              ||     7
       Leather armour    ||     5
Dodge: Dodged            ||    62
Block: Other             ||     6
       Reflection        ||     1
